 Seeded DCSS version 0.27-a0-1579-g97d2440184 (webtiles) character file.

Game seed: 20210715 (custom seed)

6160 muata the Magician (level 11, -19/81 HPs)
             Began as a Human Conjurer on July 17, 2021.
             Was a Priest of Yredelemnul.
             Demolished by a death knight (27 damage)
             ... on level 9 of the Dungeon on July 18, 2021.
             The game lasted 01:10:21 (12117 turns).

muata the Magician (Human Conjurer)                Turns: 12117, Time: 01:10:22

Health: -19/81     AC:  6    Str:  7    XL:     11   Next: 13%
Magic:  12/30      EV: 16    Int: 21    God:    Yredelemnul [***...]
Gold:   412        SH:  0    Dex: 13    Spells: 0/24 levels left

rFire    . . .     SeeInvis .   b - staff of death
rCold    . . .     Faith    .   (no shield)
rNeg     + . .     Spirit   .   a - +0 robe
rPois    .         Reflect  .   l - +2 hat
rElec    .         Harm     .   (no cloak)
rCorr    .         Rampage  .   (no gloves)
Will     .....                  v - +1 pair of boots
Stlth    ++........             q - amulet of magic regeneration
HPRegen  0.23/turn              s - ring of magical power
MPRegen  0.47/turn              D - +4 ring of evasion

@: studying Long Blades
A: no striking features
a: Renounce Religion, Recall Undead Slaves, Injury Mirror, Animate Dead


You were on level 9 of the Dungeon.
You worshipped Yredelemnul.
Yredelemnul was most pleased with you.
You visited 1 branch of the dungeon, and saw 9 of its levels.
You also visited: Sewer.

You collected 412 gold pieces.

Inventory:

Hand Weapons
 J - the +7 dagger of Slow Death {drain, rCorr}
   (You took it off a tengu warrior on level 8 of the Dungeon)

   A truly terrible weapon, it drains the life of any living foe it strikes.
   rCorr:     It protects you from acid and corrosion.
Missiles
 c - 8 curare-tipped darts
 f - a throwing net
Armour
 a - a +0 robe (worn)
 l - a +2 hat (worn)
 v - a +1 pair of boots (worn)
Magical Staves
 b - a staff of death (weapon)
 A - a staff of fire
 B - a staff of earth
Jewellery
 q - an amulet of magic regeneration (around neck)
 s - a ring of magical power (left hand)
 D - a +4 ring of evasion (right hand)
 G - an amulet of faith
Wands
 h - a wand of polymorph (18)
 n - a wand of acid (10)
 I - a wand of charming (8)
Scrolls
 k - a scroll of amnesia {unknown}
 o - a scroll of enchant weapon {unknown}
 u - 2 scrolls of noise {unknown}
 w - 2 scrolls of vulnerability {unknown}
 x - 3 scrolls of teleportation
 y - a scroll of silence {unknown}
 z - 2 scrolls of fog {unknown}
 F - a scroll of identify
 H - a scroll of brand weapon {unknown}
Potions
 d - 3 potions of brilliance
 e - 2 potions of curing {unknown}
 g - a potion of berserk rage {unknown}
 i - 4 potions of flight
 j - a potion of magic {unknown}
 m - 2 potions of might {unknown}
 r - 2 potions of cancellation
 t - a potion of attraction {unknown}
 C - a potion of mutation {unknown}
Miscellaneous
 p - a box of beasts
 E - a phial of floods


   Skills:
 - Level 6.0 Fighting
 - Level 2.0 Dodging
 - Level 2.0 Stealth
 + Level 7.3 Spellcasting
 - Level 6.2 Conjurations
 - Level 5.3 Hexes
 - Level 5.1 Summonings
 - Level 5.2 Necromancy
 - Level 4.7 Translocations
 - Level 5.1 Earth Magic


You couldn't memorise any spells.
You knew the following spells:

 Your Spells              Type           Power      Damage    Failure   Level
a - Magic Dart            Conj           100%       1d8       1%          1
b - Searing Ray           Conj           66%        3d5       1%          2
c - Dazzling Flash        Conj/Hex       64%        N/A       2%          3
d - Corona                Hex            33%        N/A       1%          1
e - Slow                  Hex            30%        N/A       1%          2
f - Vampiric Draining     Necr           22%        2d9       3%          3
g - Animate Skeleton      Necr           88%        N/A       1%          1
h - Call Imp              Summ           29%        N/A       1%          2
i - Stone Arrow           Conj/Erth      62%        3d10      2%          3
j - Blink                 Tloc           N/A        N/A       1%          2
k - Fulminant Prism       Conj/Hex       16%        3d11      8%          4

Your spell library contained the following spells:

 Spells                   Type           Power      Damage    Failure   Level
 Apportation              Tloc           54%        N/A       1%          1
 Pain                     Necr           100%       1d9       1%          1
 Summon Small Mammal      Summ           100%       N/A       1%          1
 Confusing Touch          Hex            30%        N/A       2%          3
 Lesser Beckoning         Tloc           13%        N/A       3%          3
 Ensorcelled Hibernation  Hex/Ice        36%        N/A       4%          2
 Iskenderun's Mystic Bla  Conj/Tloc      30%        2d8       9%          4
 Mephitic Cloud           Conj/Pois/Air  16%        N/A       11%         3
 Animate Armour           Summ/Erth      58%        N/A       11%         4
 Frozen Ramparts          Ice            14%        1d3       26%         3
 Spider Form              Tmut/Pois      3%         N/A       26%         3
 Agony                    Necr           44%        N/A       26%         5
 Summon Ice Beast         Ice/Summ       18%        N/A       30%         4
 Manifold Assault         Tloc           27%        N/A       34%         5
 Silence                  Hex/Air        9%         N/A       61%         5
 Ice Form                 Ice/Tmut       7%         N/A       65%         4
 Shadow Creatures         Summ           N/A        N/A       85%         6
 Lehudib's Crystal Spear  Conj/Erth      15%        10d5      100%        8


Dungeon Overview and Level Annotations

Branches:
Dungeon (9/15)             Temple (0/1) D:4           Sewer (visited)
   Lair: D:8-11         Orc: D:9-12

Altars:
Dithmenos
Elyvilon
Gozag
Hepliaklqana
Nemelex Xobeh
Qazlal
Trog
Uskayaw
Wu Jian
Xom
Yredelemnul
Zin

Shops:
D:6 *:


Message History

Casting: Blink (safe; 1% risk of failure)
Confirm with . or Enter, or press ? or * to list all spells.
You miscast Blink.
Nothing appears to happen.
The gnoll completely misses you.
Casting: Blink (safe; 1% risk of failure)
Confirm with . or Enter, or press ? or * to list all spells.
You blink.
A steam dragon comes into view.
Casting: Blink (safe; 1% risk of failure)
Confirm with . or Enter, or press ? or * to list all spells.
You blink.
A death knight comes into view. It is wielding a +4 great mace.
Casting: Blink (safe; 1% risk of failure)
Confirm with . or Enter, or press ? or * to list all spells.
You blink.
The death knight offers itself to Yredelemnul, and fills with unholy energy.
The steam dragon hisses angrily.
The gnoll barely misses you. The troll closely misses you. x2
The troll claws you!
Casting: Blink (safe; 1% risk of failure)
Confirm with . or Enter, or press ? or * to list all spells.
You blink.
An orc comes into view.
The orc shouts!
You hear two shouts!
A two-headed ogre comes into view. It is wielding two +0 giant clubs.
The death knight hits you with a +4 great mace!!
The orc throws a boomerang.
The boomerang barely misses you.
An orc comes into view. It is wielding a +0 hand axe.
Things that are here:
a +0 giant club; a +0 giant club
Things that are here:
a +0 robe; a +4 halberd You see here a +1 long sword of holy wrath.
The death knight's dark mirror aura disappears.
The death knight hits you with a +4 great mace!!
* * * LOW HITPOINT WARNING * * *
Your magical contamination has completely faded away.
There is a stone staircase leading up, spattered with blood here.
The death knight hits you with a +4 great mace!!
You die...
Your body rises from the dead as a mindless zombie.

.....#.###.#.###.#.###.#...#
.....#....o#.....#.....#..[#
#.......................).#
##.........g...........[)##
##.ยง......T.o.).[......).#
##########.)[.(....####...#
#.>[)O....# ##...#
#...p.....# #### #....@....#
#.........# #.........#
#.........# #>........#
#......(..# #..#...โ‰ˆโ‰ˆ.#
##....โ‰ˆ...#


You could see a death knight, a two-headed ogre, a troll, a gnoll and 2 orcs.

Vanquished Creatures
  A two-headed ogre (D:9)
  A tengu warrior (D:8)
  A kobold demonologist (D:8)
  An efreet (D:9)
  A shadow (D:7)
  A vampire mosquito (D:9)
  2 acid dragons (D:7)
  2 water moccasins (D:7)
  Duvessa (D:4)
  2 orc warriors (D:9)
  A black bear (D:6)
  A sky beast (D:6)
  3 necrophages
  3 ogres (D:5)
  4 centaurs
  3 kobold brigands
  2 phantoms
  2 bullfrogs
  2 gnoll sergeants
  5 scorpions
  Dowan (D:4)
  A water moccasin skeleton (D:6)
  10 killer bees (D:7)
  5 wights
  2 howler monkeys
  4 centaur zombies
  A hound (D:5)
  3 jellies
  4 orc priests
  A bullfrog skeleton (D:4)
  2 centaur skeletons
  3 orc wizards
  6 iguanas
  2 hound skeletons
  14 gnolls
  2 river rats (Sewer)
  6 adders
  2 white imps
  An ufetubus (D:7)
  2 worms (D:2)
  4 dart slugs
  21 orcs
  2 bats (D:1)
  9 endoplasms
  4 giant cockroaches
  7 goblins
  5 hobgoblins
  10 jackals
  17 kobolds
  5 quokkas
  6 ball pythons
  2 frilled lizards
  11 rats
214 creatures vanquished.

Vanquished Creatures (collateral kills)
  A killer bee (D:7)
  A jelly (D:6)
  A gnoll shaman (D:9)
  A hound (D:6)
  A centaur skeleton (D:7)
  2 orcs (D:9)
  2 kobolds (D:8)
9 creatures vanquished.

Vanquished Creatures (others)
  A wight (D:9)
  A centaur zombie (D:9)
  5 orc zombies (D:9)
  3 fulminant prisms (D:9)
10 creatures vanquished.

Grand Total: 233 creatures vanquished

Notes
Turn   | Place    | Note
-------+----------+-------------------------------------------
     0 | D:1      | muata the Human Conjurer began the quest for the Orb.
     0 | D:1      | Reached XP level 1. HP: 13/13 MP: 3/3
   333 | D:1      | Reached XP level 2. HP: 19/19 MP: 0/5
   815 | D:1      | Reached XP level 3. HP: 24/24 MP: 4/6
  1304 | D:1      | Learned a level 2 spell: Searing Ray
  1308 | D:1      | Learned a level 3 spell: Dazzling Flash
  1429 | D:2      | Reached skill level 3 in Spellcasting
  1429 | D:2      | Reached XP level 4. HP: 24/30 MP: 2/8
  1970 | D:2      | Reached skill level 5 in Conjurations
  2700 | D:3      | Reached XP level 5. HP: 35/35 MP: 5/10
  3043 | D:3      | Reached skill level 1 in Hexes
  3175 | D:4      | Noticed Duvessa
  3176 | D:4      | Noticed Dowan
  3188 | D:4      | Killed Duvessa
  3189 | D:4      | Reached skill level 4 in Spellcasting
  3189 | D:4      | Reached XP level 6. HP: 35/41 MP: 0/12
  3278 | D:3      | Learned a level 1 spell: Corona
  3281 | D:3      | Learned a level 2 spell: Slow
  4392 | D:4      | Reached XP level 7. HP: 40/46 MP: 9/13
  4404 | D:4      | Found a sparkling altar of Nemelex Xobeh.
  4519 | D:4      | Found an ornate altar of the Wu Jian Council.
  4966 | D:4      | Found a staircase to the Ecumenical Temple.
  4973 | D:4      | Reached skill level 5 in Spellcasting
  4979 | D:4      | Learned a level 3 spell: Vampiric Draining
  5016 | D:4      | Found a basalt altar of Yredelemnul.
  5036 | D:4      | HP: 2/46 [Dowan/shard of ice (17)]
  5585 | D:4      | Found a shimmering altar of Xom.
  5600 | D:4      | Found a hide-covered altar of Uskayaw.
  5674 | D:4      | Killed Dowan
  5675 | D:4      | Reached XP level 8. HP: 52/52 MP: 16/16
  5800 | D:4      | Became a worshipper of Yredelemnul the Dark
  5826 | D:5      | Entered Level 5 of the Dungeon
  5834 | D:5      | Reached skill level 1 in Necromancy
  5868 | D:5      | Reached skill level 5 in Hexes
  5958 | D:5      | Reached skill level 6 in Spellcasting
  6093 | D:5      | Found a glowing silver altar of Zin.
  6106 | D:5      | Learned a level 1 spell: Animate Skeleton
  6134 | D:5      | Found a bloodstained altar of Trog.
  6431 | D:5      | Found a stormy altar of Qazlal.
  6448 | D:5      | Learned a level 2 spell: Call Imp
  6597 | D:6      | Found a glowing drain.
  6663 | D:6      | Reached * piety under Yredelemnul
  6664 | D:6      | Reached skill level 1 in Summonings
  6664 | D:6      | Reached XP level 9. HP: 46/57 MP: 18/18
  6765 | Sewer    | Entered a sewer
  7075 | Sewer    | Found a white marble altar of Elyvilon.
  7201 | D:6      | Found a hazy altar of Hepliaklqana.
  7242 | D:6      | Learned a level 3 spell: Stone Arrow
  7245 | D:6      | Learned a level 2 spell: Blink
  7491 | D:6      | Found Riklefakk's Book Shoppe.
  7730 | D:6      | Found Fuumy's General Store.
  7854 | D:6      | Reached skill level 1 in Translocations
  7854 | D:6      | Reached skill level 1 in Earth Magic
  8581 | D:7      | Reached ** piety under Yredelemnul
  8590 | D:7      | Reached skill level 5 in Necromancy
  9185 | D:7      | Reached XP level 10. HP: 51/63 MP: 0/19
  9398 | D:7      | Reached skill level 5 in Summonings
  9398 | D:7      | Reached skill level 5 in Earth Magic
  9570 | D:7      | Identified the +2 chain mail of Suiqilie {Str+4}
  9580 | D:7      | Reached skill level 1 in Fighting
 10316 | D:8      | Reached *** piety under Yredelemnul
 10352 | D:8      | Found an opulent altar of Gozag.
 10740 | D:8      | Found a white marble altar of Elyvilon.
 10764 | D:8      | Found a shadowy altar of Dithmenos.
 11249 | D:9      | Received a gift from Yredelemnul (a wight)
 11254 | D:9      | Noticed a two-headed ogre
 11258 | D:9      | Noticed an efreet
 11261 | D:9      | Killed a two-headed ogre
 11271 | D:9      | Killed an efreet
 11601 | D:9      | Reached skill level 5 in Fighting
 11601 | D:9      | Reached skill level 7 in Spellcasting
 11699 | D:9      | Identified the +7 dagger of Slow Death {drain, rCorr}
 11699 | D:9      | Noticed a tengu warrior
 11716 | D:9      | Noticed a kobold demonologist
 11778 | D:8      | Killed a tengu warrior
 11779 | D:8      | Reached XP level 11. HP: 46/81 MP: 3/21
 12063 | D:8      | Learned a level 4 spell: Fulminant Prism
 12105 | D:9      | Noticed a death knight
 12110 | D:9      | Noticed a two-headed ogre
 12117 | D:9      | Demolished by a death knight

Illustrated notes

Levels and vault maps discovered:
D:1:      matt_arrival_debris, layout_basic
D:2:      layout_loops_ring, roderic_serpentine_path
D:3:      layout_rooms, minivault_27
D:4:      layout_rooms, nicolae_overflow_hidden_temple, amcnicky_altar_gilded,
          mainiacjoe_overflow_alcove_2, grunt_temple_overflow_open,
          minmay_temple_entry_statues_fountains, uniq_duvessa
D:5:      layout_rooms, lemuel_tele_altar, mainiacjoe_overflow_alcove_1,
          trog_three_pillars_becter
D:6:      layout_gridville, lemuel_crystal_altar, portal_sewer_entry_f,
          serial_shops, nicolae_inconvenience_store, nicolae_diamond_shop
D:7:      minmay_the_grid_octo_2x2 [minmay_the_grid_octo_tetromino_candy,
          minmay_the_grid_octo_thin_diamonds, minmay_the_grid_octo_horde,
          minmay_the_grid_octo_prize_single_spiral], layout_layer_cave,
          minivault_25
D:8:      layout_rooms, nicolae_dithmenos_the_darkroom,
          mainiacjoe_overflow_catwalk, nicolae_elyvilon_peaceful_grove,
          minmay_misc_feat_five
D:9:      hangedman_cross_stitches, layout_cross,
          kennysheep_orc_monster_closet_entryway, enter_bailey_4, serial_rivers,
          chequers_serial_rivers_micro_d, chequers_serial_rivers_micro_e,
          chequers_serial_rivers_micro_d, chequers_serial_rivers_small_b,
          chequers_serial_rivers_micro_c

Skill      XL: |  1  2  3  4  5  6  7  8  9 10 11 |
---------------+----------------------------------+-----
Spellcasting   | 3 4 5 6 7 |  7.3
Conjurations   | 5 6 |  6.2
Hexes          | 2 3 4 5 |  5.3
Necromancy     | 3 5 |  5.2
Summonings     | 1 4 5 |  5.1
Translocations | 2 4 |  4.7
Earth Magic    | 4 5 |  5.1
Fighting       | 5 6 |  6.0
Dodging        | |  2.0
Stealth        | |  2.0

Action                   |  1- 3 |  4- 6 |  7- 9 | 10-12 || total
-------------------------+-------+-------+-------+-------++-------
Melee: Staff             |     7 |    20 |    14 |       ||    41
 Cast: Magic Dart        |    61 |    76 |    75 |    26 ||   238
       Searing Ray       |       |    14 |    78 |    54 ||   146
       Corona            |       |     6 |     4 |     3 ||    13
       Slow              |       |       |    10 |     7 ||    17
       Call Imp          |       |       |    17 |     7 ||    24
       Animate Skeleton  |       |       |     1 |     1 ||     2
       Stone Arrow       |       |       |     7 |    38 ||    45
       Vampiric Draining |       |       |     6 |     2 ||     8
       Blink             |       |       |     5 |     9 ||    14
       Fulminant Prism   |       |       |       |     3 ||     3
Invok: Animate Dead      |       |       |       |     2 ||     2
  Use: Scroll            |       |       |     8 |     1 ||     9
       Potion            |       |       |     4 |       ||     4
Armor: Robe              |     2 |     9 |    50 |    10 ||    71
Dodge: Dodged            |    11 |    29 |   114 |    86 ||   240

Table legend: (Time is in decaauts)
 A = Elapsed time spent in this place.
 B = Non-inter-level travel time spent in this place.
 C = Inter-level travel time spent in this place.
 D = Time resting spent in this place.
 E = Time spent auto-exploring this place.
 F = Levels seen in this place.
 G = Mean time per level.
                   A        B        C        D        E       F      G
               +--------+--------+--------+--------+--------+-----+--------+
         Total |  12224 |  11974 |    250 |   4492 |   4745 |  10 | 1222.4 |
       Dungeon |  11772 |  11522 |    250 |   4339 |   4669 |   9 | 1308.0 |
         Sewer |    451 |    451 |      0 |    153 |     75 |   1 |  451.0 |
               +--------+--------+--------+--------+--------+-----+--------+

Top non-repeatable levels by time:
     D:3: 2164 daAuts
     D:7: 1778 daAuts
     D:8: 1726 daAuts
     D:1: 1628 daAuts
     D:6: 1203 daAuts
     D:4: 1093 daAuts
     D:2: 956 daAuts
     D:5: 766 daAuts
     D:9: 457 daAuts
   Sewer: 451 daAuts
